General information
- name: BNet
- type: Ladder team game (AT/RT)
- host: Battle.net
- saver: DougSandhorst
map: FullScaleAssault
- players: 8
- length: 65:18
- speed: Fast
- version: 1.26 W3XP
- replay type:

» download(580 KB)
Players
team 1 (winner)
DougSandhorst (
teal | 115 APM | 7542 actions | 65:18)
10 Blademaster
3 Wind Walk
3 Critical Strike
1 Bladestorm
3 Mirror Image
» actions
| Assign group hotkey | 34 | |
| Basic commands | 19 | |
| Build / train | 136 | |
| Enter build submenu | 48 | |
| Enter hero's abilities submenu | 11 | |
| Give item / drop item | 10 | |
| Right click | 5175 | |
| Select / deselect | 526 | |
| Select group hotkey | 1146 | |
| Use ability | 432 | |
7542 total
» units
» upgrades
| Ranged Weapons | 3 | |
| Liquid Fire | 1 | |
| Armor | 2 | |
6 total
» buildings
| Altar of Storms | 1 | |
| Orc Burrow | 3 | |
| War Mill | 1 | |
| Watch Tower | 24 | |
| Stronghold | 1 | |
| Voodoo Lounge | 2 | |
| Beastiary | 4 | |
| Great Hall | 2 | |
| Fortress | 5 | |
43 total
» build order
00:05 Altar of Storms
00:19 Orc Burrow
00:36 War Mill
02:33 Watch Tower
02:42 Watch Tower
03:01 Stronghold
03:14 Watch Tower
03:50 Voodoo Lounge
03:58 Orc Burrow
03:59 Watch Tower
04:29 Voodoo Lounge
04:58 Watch Tower
05:10 Watch Tower
06:05 Beastiary
06:19 Beastiary
06:55 Watch Tower
06:56 Watch Tower
07:02 Orc Burrow
07:17 Watch Tower
07:58 Great Hall
08:11 Watch Tower
09:28 Watch Tower
09:37 Fortress
09:37 Fortress
09:38 Fortress
09:49 Watch Tower
10:28 Great Hall
10:31 Watch Tower
10:37 Watch Tower
11:15 Watch Tower
11:19 Watch Tower
11:46 Watch Tower
12:15 Watch Tower
12:51 Watch Tower
13:49 Beastiary
15:17 Beastiary
17:11 Watch Tower
17:32 Watch Tower
17:33 Watch Tower
17:34 Watch Tower
17:36 Watch Tower
» items
| Healing Salve | 5 | |
| Lesser Clarity Potion | 12 | |
| Boots of Speed | 1 | |
| Staff of Teleportation | 1 | |
| Orb of Lightning | 1 | |
| Scroll of Town Portal | 1 | |
21 total
DoUrememberUS (
pink | 92 APM | 6026 actions | 65:17)
8 Warden
3 Shadow Strike
3 Blink
2 Fan of Knives
7 Pandaren Brewmaster
3 Breath of Fire
1 Drunken Haze
2 Drunken Brawler
1 Storm Earth and Fire
» actions
| Assign group hotkey | 13 | |
| Basic commands | 95 | |
| Build / train | 81 | |
| ESC pressed | 1 | |
| Enter build submenu | 34 | |
| Enter hero's abilities submenu | 15 | |
| Give item / drop item | 9 | |
| Remove unit from queue | 1 | |
| Right click | 3242 | |
| Select / deselect | 372 | |
| Select group hotkey | 1739 | |
| Use ability | 424 | |
6026 total
» units
| Wisp | 31 | |
| Goblin Zeppelin | 2 | |
| Chimaera | 4 | |
37 total
» upgrades
| Ultravision | 1 | |
| Nature's Blessing | 1 | |
| Strength of the Wild | 3 | |
| Reinforced Hides | 3 | |
| Well Spring | 1 | |
| Corrosive Breath | 1 | |
10 total
» buildings
| Altar of Elders | 3 | |
| Moon Well | 22 | |
| Tree of Life | 5 | |
| Tree of Ages | 1 | |
| Ancient of Wonders | 2 | |
| Tree of Eternity | 1 | |
| Hunter's Hall | 1 | |
| Ancient of Wind | 1 | |
| Chimaera Roost | 5 | |
41 total
» build order
00:03 Altar of Elders
00:29 Moon Well
04:02 Moon Well
05:47 Tree of Life
05:51 Tree of Life
06:03 Tree of Ages
08:03 Ancient of Wonders
10:44 Tree of Eternity
11:00 Moon Well
11:00 Moon Well
11:01 Moon Well
13:12 Moon Well
13:13 Moon Well
15:34 Hunter's Hall
17:42 Moon Well
17:43 Moon Well
25:57 Tree of Life
29:37 Moon Well
29:38 Moon Well
29:39 Moon Well
29:39 Moon Well
29:39 Moon Well
29:40 Moon Well
29:40 Moon Well
29:42 Moon Well
29:43 Moon Well
29:45 Moon Well
29:46 Moon Well
30:10 Tree of Life
30:24 Altar of Elders
34:42 Ancient of Wind
37:18 Ancient of Wonders
40:15 Tree of Life
44:11 Chimaera Roost
44:12 Chimaera Roost
44:14 Chimaera Roost
44:15 Chimaera Roost
44:18 Chimaera Roost
45:00 Moon Well
» items
| Healing Salve | 1 | |
| Lesser Clarity Potion | 4 | |
| Boots of Speed | 2 | |
| Staff of Teleportation | 2 | |
| Orb of Venom | 1 | |
| Orb of Lightning | 1 | |
| Staff of Sanctuary | 1 | |
12 total
FastFeud (
orange | 102 APM | 6680 actions | 65:17)
7 Archmage
3 Blizzard
3 Brilliance Aura
1 Mass Teleport
7 Blood Mage
3 Flame Strike
3 Banish
1 Summon Phoenix
» actions
| Assign group hotkey | 513 | |
| Basic commands | 257 | |
| Build / train | 275 | |
| ESC pressed | 2 | |
| Enter build submenu | 143 | |
| Enter hero's abilities submenu | 18 | |
| Give item / drop item | 2 | |
| Remove unit from queue | 2 | |
| Right click | 2392 | |
| Select / deselect | 976 | |
| Select group hotkey | 1621 | |
| Use ability | 468 | |
6680 total
» units
| Peasant | 21 | |
| Dragonhawk Rider | 7 | |
| Goblin Zeppelin | 1 | |
| Gryphon Rider | 4 | |
33 total
» upgrades
| Masonry | 3 | |
| Lumber Harvesting | 2 | |
| Swords | 3 | |
| Magic Sentry | 1 | |
| Plating | 0 | |
| Armor | 3 | |
| Animal War Training | 1 | |
| Cloud | 1 | |
| Storm Hammers | 1 | |
15 total
» buildings
| Altar of Kings | 1 | |
| Farm | 14 | |
| Lumber Mill | 1 | |
| Scout Tower | 217 | |
| Guard Tower | 145 | |
| Arcane Tower | 16 | |
| Arcane Vault | 2 | |
| Keep | 3 | |
| Town Hall | 1 | |
| Gryphon Aviary | 6 | |
| Arcane Sanctum | 1 | |
| Blacksmith | 1 | |
| Barracks | 1 | |
| Castle | 3 | |
412 total
» build order
00:01 Altar of Kings
00:02 Farm
00:12 Lumber Mill
01:19 Farm
01:23 Scout Tower
01:23 Scout Tower
01:54 Guard Tower
01:55 Guard Tower
01:55 Guard Tower
01:55 Guard Tower
01:55 Guard Tower
01:57 Scout Tower
01:57 Scout Tower
02:25 Scout Tower
02:27 Guard Tower
02:29 Scout Tower
02:40 Farm
02:54 Scout Tower
02:55 Arcane Tower
02:55 Arcane Tower
02:55 Arcane Tower
02:57 Scout Tower
02:58 Scout Tower
03:00 Guard Tower
03:01 Guard Tower
03:01 Guard Tower
03:03 Scout Tower
03:23 Scout Tower
03:24 Guard Tower
03:24 Guard Tower
03:24 Guard Tower
03:24 Guard Tower
03:25 Guard Tower
03:25 Guard Tower
03:28 Scout Tower
03:29 Scout Tower
03:37 Scout Tower
03:37 Guard Tower
03:38 Guard Tower
03:42 Scout Tower
03:57 Scout Tower
03:58 Guard Tower
03:58 Guard Tower
03:58 Guard Tower
04:01 Scout Tower
04:04 Scout Tower
04:05 Guard Tower
04:06 Guard Tower
04:14 Scout Tower
04:37 Arcane Vault
04:39 Scout Tower
04:39 Scout Tower
04:41 Guard Tower
04:41 Guard Tower
04:47 Scout Tower
05:02 Keep
05:02 Keep
05:04 Guard Tower
05:04 Guard Tower
05:04 Guard Tower
05:04 Guard Tower
05:06 Guard Tower
05:06 Guard Tower
05:06 Guard Tower
05:06 Guard Tower
05:11 Scout Tower
05:29 Arcane Tower
05:30 Arcane Tower
06:04 Scout Tower
06:06 Scout Tower
06:07 Scout Tower
06:07 Scout Tower
06:09 Scout Tower
06:10 Scout Tower
06:15 Scout Tower
06:30 Farm
06:59 Arcane Tower
06:59 Arcane Tower
07:00 Guard Tower
07:00 Guard Tower
07:01 Guard Tower
07:25 Guard Tower
07:26 Guard Tower
07:26 Guard Tower
08:11 Scout Tower
08:11 Scout Tower
08:28 Scout Tower
08:29 Scout Tower
08:33 Town Hall
08:34 Scout Tower
08:34 Scout Tower
08:34 Scout Tower
08:54 Scout Tower
08:55 Scout Tower
09:04 Guard Tower
09:04 Guard Tower
09:05 Guard Tower
09:30 Guard Tower
09:30 Guard Tower
09:30 Guard Tower
09:40 Guard Tower
09:40 Guard Tower
09:53 Guard Tower
09:53 Guard Tower
09:53 Guard Tower
10:08 Arcane Vault
10:15 Guard Tower
10:15 Guard Tower
10:21 Scout Tower
10:22 Scout Tower
10:24 Scout Tower
10:26 Scout Tower
10:26 Scout Tower
10:26 Scout Tower
10:27 Scout Tower
10:28 Scout Tower
10:54 Gryphon Aviary
10:59 Arcane Sanctum
11:20 Guard Tower
11:20 Guard Tower
11:20 Guard Tower
11:20 Guard Tower
12:10 Gryphon Aviary
12:10 Gryphon Aviary
12:15 Gryphon Aviary
12:18 Blacksmith
12:38 Barracks
12:42 Farm
12:44 Guard Tower
12:45 Guard Tower
12:45 Guard Tower
12:47 Scout Tower
12:48 Scout Tower
13:38 Castle
13:38 Castle
13:48 Scout Tower
13:49 Scout Tower
13:49 Guard Tower
13:50 Guard Tower
13:50 Guard Tower
13:50 Guard Tower
14:26 Guard Tower
14:55 Scout Tower
14:55 Scout Tower
15:39 Scout Tower
15:39 Scout Tower
17:05 Scout Tower
17:05 Scout Tower
17:36 Arcane Tower
17:36 Arcane Tower
17:45 Scout Tower
17:46 Scout Tower
18:20 Scout Tower
18:21 Scout Tower
18:23 Arcane Tower
18:24 Arcane Tower
20:09 Scout Tower
20:09 Scout Tower
20:09 Scout Tower
20:10 Scout Tower
20:11 Scout Tower
20:11 Scout Tower
20:12 Scout Tower
20:12 Scout Tower
20:12 Scout Tower
20:13 Scout Tower
20:13 Scout Tower
22:26 Guard Tower
22:26 Guard Tower
22:26 Guard Tower
22:27 Guard Tower
22:30 Scout Tower
22:30 Scout Tower
22:31 Scout Tower
23:46 Scout Tower
23:47 Scout Tower
24:00 Arcane Tower
24:00 Arcane Tower
24:20 Guard Tower
24:21 Guard Tower
24:22 Guard Tower
24:23 Scout Tower
24:24 Scout Tower
24:25 Scout Tower
24:25 Scout Tower
24:26 Scout Tower
24:26 Scout Tower
24:27 Scout Tower
24:28 Scout Tower
24:29 Scout Tower
24:30 Scout Tower
24:30 Scout Tower
24:31 Scout Tower
25:57 Scout Tower
25:57 Scout Tower
25:57 Scout Tower
25:58 Scout Tower
25:58 Scout Tower
25:59 Scout Tower
25:59 Scout Tower
25:59 Scout Tower
26:00 Scout Tower
26:01 Scout Tower
26:01 Scout Tower
26:02 Scout Tower
26:04 Scout Tower
26:05 Scout Tower
26:06 Scout Tower
26:07 Scout Tower
26:07 Scout Tower
26:08 Scout Tower
26:11 Guard Tower
26:11 Guard Tower
26:11 Guard Tower
26:11 Guard Tower
26:34 Guard Tower
26:35 Guard Tower
26:35 Guard Tower
26:45 Guard Tower
26:45 Guard Tower
26:46 Guard Tower
26:51 Guard Tower
26:51 Guard Tower
27:34 Guard Tower
27:34 Guard Tower
27:34 Guard Tower
27:38 Scout Tower
27:38 Scout Tower
28:01 Guard Tower
28:01 Guard Tower
28:01 Guard Tower
28:34 Guard Tower
28:35 Guard Tower
28:35 Guard Tower
28:38 Guard Tower
28:39 Guard Tower
28:44 Scout Tower
28:45 Scout Tower
28:45 Scout Tower
28:47 Scout Tower
28:47 Scout Tower
28:48 Scout Tower
28:49 Scout Tower
28:49 Scout Tower
28:50 Scout Tower
28:55 Scout Tower
28:56 Scout Tower
28:58 Scout Tower
28:59 Scout Tower
28:59 Scout Tower
29:00 Scout Tower
29:09 Scout Tower
29:10 Scout Tower
29:11 Scout Tower
29:11 Scout Tower
29:12 Scout Tower
29:15 Scout Tower
29:15 Scout Tower
29:16 Scout Tower
29:17 Scout Tower
29:18 Scout Tower
29:19 Scout Tower
29:20 Scout Tower
30:09 Guard Tower
30:10 Guard Tower
30:10 Guard Tower
30:13 Guard Tower
30:23 Guard Tower
30:28 Farm
30:28 Farm
30:32 Gryphon Aviary
30:33 Gryphon Aviary
31:29 Guard Tower
31:29 Guard Tower
31:30 Guard Tower
31:34 Scout Tower
31:34 Scout Tower
31:34 Scout Tower
31:35 Scout Tower
31:36 Scout Tower
31:36 Scout Tower
31:37 Scout Tower
31:37 Scout Tower
31:37 Scout Tower
31:38 Scout Tower
31:39 Scout Tower
31:39 Scout Tower
31:51 Scout Tower
31:51 Scout Tower
31:52 Scout Tower
31:52 Scout Tower
31:58 Scout Tower
31:58 Scout Tower
33:07 Guard Tower
33:07 Guard Tower
33:12 Guard Tower
35:05 Farm
35:06 Farm
35:08 Farm
35:09 Farm
35:09 Farm
35:10 Farm
35:11 Farm
37:21 Scout Tower
37:22 Scout Tower
37:22 Scout Tower
37:23 Scout Tower
37:23 Scout Tower
37:24 Scout Tower
37:24 Scout Tower
37:24 Scout Tower
37:25 Scout Tower
40:26 Arcane Tower
40:27 Guard Tower
50:20 Scout Tower
50:21 Scout Tower
50:22 Scout Tower
50:23 Scout Tower
50:24 Scout Tower
50:24 Scout Tower
50:25 Scout Tower
50:27 Scout Tower
50:29 Scout Tower
50:29 Scout Tower
51:09 Scout Tower
51:10 Scout Tower
51:10 Scout Tower
51:11 Scout Tower
51:12 Scout Tower
51:13 Scout Tower
51:15 Scout Tower
51:15 Scout Tower
51:16 Scout Tower
51:17 Scout Tower
51:18 Scout Tower
51:19 Scout Tower
51:20 Scout Tower
51:23 Scout Tower
51:24 Scout Tower
51:25 Scout Tower
51:26 Scout Tower
51:27 Scout Tower
51:27 Scout Tower
51:28 Scout Tower
51:29 Scout Tower
51:30 Scout Tower
51:31 Scout Tower
51:31 Scout Tower
51:32 Scout Tower
51:33 Scout Tower
51:34 Scout Tower
51:36 Scout Tower
51:36 Scout Tower
51:37 Scout Tower
51:38 Scout Tower
51:39 Scout Tower
51:41 Scout Tower
51:41 Scout Tower
51:42 Scout Tower
51:43 Scout Tower
51:44 Scout Tower
51:45 Scout Tower
51:46 Scout Tower
51:48 Scout Tower
54:57 Scout Tower
» items
| Scroll of Regeneration | 2 | |
| Healing Salve | 3 | |
| Lesser Clarity Potion | 1 | |
| Scroll of Town Portal | 2 | |
| Boots of Speed | 1 | |
| Staff of Teleportation | 2 | |
| Orb of Lightning | 2 | |
| Orb of Venom | 1 | |
| Staff of Sanctuary | 2 | |
16 total
iggy_the_fisk (
red | 101 APM | 6607 actions | 65:17)
8 Mountain King
3 Storm Bolt
3 Bash
1 Avatar
1 Thunder Clap
7 Paladin
3 Holy Light
3 Divine Shield
1 Devotion Aura
8 Pandaren Brewmaster
3 Breath of Fire
1 Drunken Haze
3 Drunken Brawler
1 Storm Earth and Fire
» actions
| Assign group hotkey | 396 | |
| Basic commands | 128 | |
| Build / train | 166 | |
| Enter build submenu | 143 | |
| Enter hero's abilities submenu | 26 | |
| Give item / drop item | 6 | |
| Right click | 3001 | |
| Select / deselect | 656 | |
| Select group hotkey | 1566 | |
| Use ability | 517 | |
6607 total
» units
» upgrades
| Masonry | 3 | |
| Lumber Harvesting | 2 | |
| Magic Sentry | 1 | |
6 total
» buildings
| Altar of Kings | 1 | |
| Farm | 5 | |
| Lumber Mill | 1 | |
| Scout Tower | 190 | |
| Arcane Tower | 6 | |
| Guard Tower | 66 | |
| Arcane Vault | 2 | |
| Keep | 1 | |
| Town Hall | 3 | |
| Castle | 1 | |
| Arcane Sanctum | 1 | |
277 total
» build order
00:03 Altar of Kings
00:08 Farm
00:32 Farm
01:11 Lumber Mill
01:18 Scout Tower
01:24 Scout Tower
01:48 Arcane Tower
01:49 Arcane Tower
02:07 Scout Tower
02:13 Guard Tower
02:19 Scout Tower
02:33 Guard Tower
02:35 Scout Tower
02:48 Guard Tower
02:50 Arcane Vault
03:08 Guard Tower
03:10 Scout Tower
03:29 Scout Tower
03:36 Keep
03:51 Guard Tower
04:03 Scout Tower
04:04 Guard Tower
04:06 Scout Tower
04:56 Guard Tower
04:58 Scout Tower
05:01 Scout Tower
05:07 Scout Tower
05:09 Scout Tower
05:21 Farm
05:22 Farm
05:29 Guard Tower
05:29 Guard Tower
05:31 Scout Tower
05:35 Scout Tower
05:37 Guard Tower
06:05 Guard Tower
06:07 Scout Tower
06:08 Scout Tower
06:56 Town Hall
07:07 Guard Tower
07:09 Scout Tower
08:31 Scout Tower
08:36 Guard Tower
08:41 Guard Tower
08:41 Guard Tower
08:48 Scout Tower
09:18 Guard Tower
09:19 Scout Tower
09:20 Castle
09:23 Guard Tower
09:48 Guard Tower
10:13 Arcane Sanctum
11:33 Scout Tower
11:34 Scout Tower
11:36 Scout Tower
12:27 Scout Tower
12:28 Scout Tower
12:37 Scout Tower
12:39 Scout Tower
12:46 Guard Tower
12:48 Scout Tower
12:49 Scout Tower
13:11 Scout Tower
13:13 Scout Tower
13:21 Guard Tower
13:27 Farm
13:47 Scout Tower
13:48 Scout Tower
13:53 Guard Tower
13:55 Scout Tower
14:03 Scout Tower
14:04 Scout Tower
14:18 Scout Tower
14:19 Scout Tower
14:20 Scout Tower
14:32 Scout Tower
14:33 Scout Tower
14:35 Scout Tower
14:38 Scout Tower
14:39 Scout Tower
15:14 Scout Tower
15:46 Guard Tower
15:48 Town Hall
15:54 Guard Tower
15:56 Scout Tower
15:58 Scout Tower
16:02 Scout Tower
16:03 Scout Tower
16:04 Scout Tower
16:04 Scout Tower
16:05 Scout Tower
16:05 Scout Tower
16:06 Scout Tower
16:06 Scout Tower
16:09 Scout Tower
16:10 Scout Tower
16:13 Guard Tower
16:53 Guard Tower
16:56 Scout Tower
16:58 Scout Tower
16:58 Scout Tower
17:01 Scout Tower
17:02 Scout Tower
17:03 Scout Tower
17:04 Scout Tower
17:06 Guard Tower
17:45 Guard Tower
17:57 Guard Tower
18:11 Guard Tower
18:26 Scout Tower
18:27 Scout Tower
18:28 Scout Tower
18:28 Scout Tower
18:29 Scout Tower
18:30 Scout Tower
18:30 Scout Tower
18:31 Scout Tower
18:32 Scout Tower
18:33 Scout Tower
19:40 Guard Tower
19:45 Scout Tower
19:46 Scout Tower
19:48 Guard Tower
21:16 Arcane Tower
21:17 Scout Tower
23:49 Arcane Tower
23:52 Scout Tower
23:52 Scout Tower
23:53 Scout Tower
24:24 Arcane Tower
25:00 Scout Tower
25:02 Scout Tower
25:03 Scout Tower
25:04 Scout Tower
25:05 Scout Tower
25:05 Scout Tower
25:06 Scout Tower
25:07 Scout Tower
25:08 Scout Tower
25:09 Scout Tower
25:10 Scout Tower
25:50 Arcane Tower
25:54 Scout Tower
25:56 Scout Tower
25:57 Scout Tower
25:58 Scout Tower
26:57 Guard Tower
27:09 Guard Tower
27:24 Guard Tower
27:26 Scout Tower
28:43 Scout Tower
28:46 Scout Tower
28:47 Scout Tower
28:50 Scout Tower
28:51 Scout Tower
28:57 Scout Tower
28:58 Scout Tower
28:59 Scout Tower
28:59 Scout Tower
29:03 Scout Tower
29:04 Scout Tower
29:04 Scout Tower
29:06 Scout Tower
29:08 Scout Tower
29:08 Scout Tower
29:09 Scout Tower
29:10 Guard Tower
29:12 Scout Tower
29:28 Guard Tower
29:30 Scout Tower
29:32 Scout Tower
29:33 Scout Tower
29:33 Scout Tower
29:34 Scout Tower
29:36 Scout Tower
29:36 Scout Tower
29:44 Guard Tower
29:48 Scout Tower
29:49 Scout Tower
29:52 Guard Tower
29:55 Scout Tower
29:56 Scout Tower
29:57 Scout Tower
29:58 Scout Tower
29:58 Scout Tower
29:59 Scout Tower
30:05 Guard Tower
30:29 Guard Tower
30:37 Guard Tower
30:40 Scout Tower
30:42 Scout Tower
30:47 Guard Tower
30:52 Guard Tower
31:29 Guard Tower
31:36 Scout Tower
31:42 Guard Tower
31:44 Guard Tower
32:48 Guard Tower
32:50 Scout Tower
32:51 Scout Tower
34:05 Guard Tower
34:09 Town Hall
34:15 Scout Tower
34:16 Scout Tower
34:17 Scout Tower
34:18 Scout Tower
34:18 Scout Tower
34:19 Scout Tower
34:20 Scout Tower
34:20 Scout Tower
34:23 Scout Tower
34:24 Scout Tower
34:24 Scout Tower
34:25 Scout Tower
34:25 Scout Tower
34:26 Scout Tower
34:27 Scout Tower
34:28 Scout Tower
34:47 Arcane Vault
34:50 Scout Tower
34:51 Scout Tower
34:52 Scout Tower
34:52 Scout Tower
34:55 Scout Tower
34:56 Scout Tower
34:57 Scout Tower
34:58 Scout Tower
34:58 Scout Tower
35:00 Guard Tower
35:09 Scout Tower
35:11 Scout Tower
35:12 Scout Tower
35:15 Guard Tower
35:17 Scout Tower
35:19 Scout Tower
35:20 Scout Tower
35:21 Scout Tower
35:30 Guard Tower
35:43 Guard Tower
36:18 Guard Tower
36:27 Guard Tower
36:32 Scout Tower
36:34 Scout Tower
36:34 Scout Tower
36:35 Guard Tower
36:37 Scout Tower
36:38 Scout Tower
36:39 Scout Tower
36:46 Guard Tower
36:48 Scout Tower
36:49 Scout Tower
36:54 Guard Tower
36:55 Scout Tower
36:56 Scout Tower
36:56 Scout Tower
36:59 Guard Tower
37:09 Guard Tower
37:12 Scout Tower
37:14 Scout Tower
37:15 Scout Tower
37:19 Guard Tower
37:43 Guard Tower
37:44 Scout Tower
37:45 Scout Tower
39:01 Guard Tower
40:05 Scout Tower
40:06 Scout Tower
40:07 Guard Tower
40:11 Scout Tower
40:12 Scout Tower
40:13 Scout Tower
40:14 Scout Tower
40:17 Scout Tower
42:33 Guard Tower
43:29 Guard Tower
» items
| Boots of Speed | 2 | |
| Staff of Teleportation | 3 | |
| Healing Salve | 2 | |
| Lesser Clarity Potion | 3 | |
| Orb of Lightning | 3 | |
| Scroll of Town Portal | 4 | |
| Staff of Sanctuary | 3 | |
| Potion of Mana | 1 | |
| Scroll of Regeneration | 1 | |
22 total
team 2 (loser)
DreamOn (
blue | 39 APM | 2163 actions | 54:56)
6 Warden
3 Shadow Strike
2 Blink
1 Spirit of Vengeance
1 Demon Hunter
1 Mana Burn
» actions
| Assign group hotkey | 15 | |
| Basic commands | 74 | |
| Build / train | 123 | |
| Enter build submenu | 44 | |
| Enter hero's abilities submenu | 7 | |
| Give item / drop item | 3 | |
| Remove unit from queue | 10 | |
| Right click | 977 | |
| Select / deselect | 687 | |
| Select group hotkey | 14 | |
| Use ability | 209 | |
2163 total
» units
| Wisp | 58 | |
| Huntress | 15 | |
| Goblin Zeppelin | 1 | |
| Druid of the Talon | 6 | |
| Glaive Thrower | -3 | |
77 total
» upgrades
| Strength of the Moon | 2 | |
| Moon Armor | 2 | |
| Ultravision | 1 | |
| Nature's Blessing | 1 | |
| Druid of the Talon Training | 2 | |
| Vorpal Blades | 1 | |
| Mark of the Talon | 1 | |
| Strength of the Wild | 2 | |
| Reinforced Hides | 2 | |
| Well Spring | 1 | |
| Abolish Magic | 1 | |
16 total
» buildings
| Altar of Elders | 2 | |
| Moon Well | 7 | |
| Hunter's Hall | 1 | |
| Ancient of War | 2 | |
| Tree of Life | 3 | |
| Ancient Protector | 16 | |
| Ancient of Wonders | 3 | |
| Tree of Ages | 1 | |
| Tree of Eternity | 5 | |
| Ancient of Wind | 2 | |
| Ancient of Lore | 2 | |
44 total
» build order
00:19 Altar of Elders
00:33 Moon Well
02:04 Hunter's Hall
02:07 Ancient of War
02:23 Moon Well
02:30 Ancient of War
03:12 Moon Well
03:21 Moon Well
06:13 Tree of Life
08:56 Ancient Protector
08:59 Ancient Protector
09:24 Ancient Protector
09:27 Ancient Protector
09:33 Ancient Protector
09:56 Tree of Life
11:25 Ancient Protector
12:49 Ancient Protector
13:20 Ancient of Wonders
13:25 Ancient of Wonders
13:47 Ancient Protector
14:22 Ancient of Wonders
14:43 Ancient Protector
15:27 Moon Well
15:34 Moon Well
16:07 Moon Well
17:33 Tree of Ages
18:07 Tree of Life
18:37 Ancient Protector
18:44 Ancient Protector
19:07 Ancient Protector
20:01 Tree of Eternity
20:01 Tree of Eternity
20:01 Tree of Eternity
20:01 Tree of Eternity
20:52 Ancient Protector
22:34 Ancient of Wind
22:39 Ancient of Wind
26:11 Ancient Protector
26:16 Ancient Protector
26:20 Ancient Protector
32:23 Ancient of Lore
32:29 Ancient of Lore
49:48 Altar of Elders
» items
| Boots of Speed | 1 | |
| Staff of Teleportation | 4 | |
| Orb of Fire | 1 | |
6 total
T.S.R. (
yellow | 87 APM | 4762 actions | 54:50)
4 Blademaster
2 Wind Walk
2 Critical Strike
1 Shadow Hunter
1 Hex
» actions
| Assign group hotkey | 29 | |
| Basic commands | 5 | |
| Build / train | 102 | |
| ESC pressed | 11 | |
| Enter build submenu | 47 | |
| Enter hero's abilities submenu | 5 | |
| Right click | 2523 | |
| Select / deselect | 1182 | |
| Select group hotkey | 602 | |
| Use ability | 256 | |
4762 total
» units
| Peon | 25 | |
| Troll Batrider | 23 | |
| Goblin Zeppelin | 1 | |
| Raider | 17 | |
| Wind Rider | 4 | |
70 total
» upgrades
| Ranged Weapons | 3 | |
| Liquid Fire | 1 | |
| Armor | 3 | |
| Reinforced Defenses | 1 | |
| Melee Weapons | 3 | |
| Ensnare | 1 | |
12 total
» buildings
| Altar of Storms | 1 | |
| Orc Burrow | 6 | |
| Voodoo Lounge | 1 | |
| War Mill | 2 | |
| Watch Tower | 26 | |
| Stronghold | 1 | |
| Beastiary | 3 | |
| Fortress | 1 | |
| Great Hall | 3 | |
44 total
» build order
00:06 Altar of Storms
00:12 Orc Burrow
02:23 Voodoo Lounge
05:02 War Mill
06:22 Watch Tower
06:27 Orc Burrow
07:39 Stronghold
08:23 Orc Burrow
09:19 Watch Tower
10:32 Beastiary
10:34 Beastiary
10:45 Beastiary
10:48 Fortress
11:09 Watch Tower
11:37 Watch Tower
11:50 Orc Burrow
16:53 Orc Burrow
16:56 Watch Tower
16:57 Watch Tower
16:59 Watch Tower
17:33 Orc Burrow
20:15 Great Hall
20:25 Watch Tower
20:27 Watch Tower
20:29 Watch Tower
20:34 Watch Tower
20:37 Watch Tower
20:40 Watch Tower
21:32 Watch Tower
22:25 Great Hall
22:28 Watch Tower
22:31 Watch Tower
22:33 Watch Tower
26:18 Great Hall
26:21 Watch Tower
26:22 Watch Tower
26:23 Watch Tower
26:25 Watch Tower
26:59 Watch Tower
27:06 War Mill
28:44 Watch Tower
28:45 Watch Tower
28:47 Watch Tower
28:48 Watch Tower
» items
| Healing Salve | 2 | |
| Orb of Lightning | 1 | |
| Lesser Clarity Potion | 3 | |
| Potion of Healing | 2 | |
| Potion of Mana | 1 | |
9 total
Vagician (
purple | 65 APM | 4253 actions | 65:17)
3 Archmage
2 Summon Water Elemental
1 Brilliance Aura
3 Blood Mage
2 Flame Strike
1 Siphon Mana
1 Paladin
1 Divine Shield
» actions
| Assign group hotkey | 640 | |
| Basic commands | 30 | |
| Build / train | 103 | |
| Enter build submenu | 131 | |
| Enter hero's abilities submenu | 7 | |
| Give item / drop item | 2 | |
| Remove unit from queue | 3 | |
| Right click | 1309 | |
| Select / deselect | 809 | |
| Select group hotkey | 1030 | |
| Use ability | 187 | |
4253 total
» units
| Peasant | 12 | |
| Footman | 2 | |
| Siege Engine | 21 | |
35 total
» upgrades
| Masonry | 3 | |
| Lumber Harvesting | 2 | |
| Barrage | 1 | |
| Plating | 3 | |
| Swords | 0 | |
| Gunpowder | 3 | |
| Magic Sentry | 1 | |
13 total
» buildings
| Altar of Kings | 2 | |
| Farm | 16 | |
| Lumber Mill | 2 | |
| Barracks | 1 | |
| Keep | 1 | |
| Scout Tower | 86 | |
| Arcane Tower | 2 | |
| Guard Tower | 27 | |
| Arcane Vault | 3 | |
| Castle | 1 | |
| Blacksmith | 1 | |
| Workshop | 2 | |
| Arcane Sanctum | 1 | |
| Town Hall | 1 | |
146 total
» build order
00:19 Altar of Kings
00:21 Farm
00:36 Lumber Mill
01:00 Barracks
01:25 Farm
01:57 Farm
02:36 Keep
03:43 Scout Tower
03:47 Scout Tower
03:52 Scout Tower
03:54 Scout Tower
04:11 Arcane Tower
04:17 Guard Tower
04:33 Guard Tower
04:36 Arcane Vault
04:58 Castle
05:16 Blacksmith
06:06 Workshop
06:10 Workshop
06:37 Farm
07:16 Farm
07:49 Farm
09:09 Farm
09:49 Farm
10:39 Farm
11:29 Scout Tower
12:04 Scout Tower
12:06 Guard Tower
12:39 Scout Tower
13:11 Guard Tower
13:16 Arcane Sanctum
15:34 Farm
15:35 Farm
16:35 Scout Tower
16:37 Scout Tower
16:39 Scout Tower
16:40 Scout Tower
16:47 Scout Tower
17:06 Scout Tower
17:10 Town Hall
17:14 Scout Tower
17:19 Scout Tower
17:21 Scout Tower
17:27 Scout Tower
17:47 Guard Tower
17:56 Guard Tower
18:38 Guard Tower
20:12 Lumber Mill
23:32 Farm
24:17 Farm
28:22 Scout Tower
28:24 Scout Tower
28:26 Scout Tower
28:28 Scout Tower
28:30 Scout Tower
31:13 Scout Tower
31:16 Scout Tower
31:27 Scout Tower
31:29 Scout Tower
32:01 Guard Tower
32:04 Scout Tower
32:07 Scout Tower
32:55 Scout Tower
32:57 Scout Tower
32:58 Scout Tower
33:00 Scout Tower
33:14 Guard Tower
33:21 Scout Tower
33:25 Scout Tower
33:33 Guard Tower
33:35 Scout Tower
33:38 Scout Tower
33:41 Scout Tower
33:50 Scout Tower
33:53 Guard Tower
33:55 Scout Tower
33:58 Scout Tower
34:07 Guard Tower
34:11 Scout Tower
34:17 Scout Tower
34:32 Arcane Tower
34:34 Guard Tower
34:42 Scout Tower
34:45 Scout Tower
34:49 Scout Tower
34:54 Scout Tower
34:56 Scout Tower
35:05 Scout Tower
35:07 Guard Tower
35:20 Guard Tower
35:33 Scout Tower
35:34 Scout Tower
35:37 Scout Tower
35:47 Guard Tower
35:56 Arcane Vault
36:02 Scout Tower
36:05 Scout Tower
36:10 Guard Tower
36:35 Guard Tower
36:38 Guard Tower
36:40 Scout Tower
37:04 Scout Tower
37:11 Arcane Vault
37:18 Farm
37:22 Guard Tower
40:33 Scout Tower
40:38 Scout Tower
40:39 Scout Tower
41:13 Guard Tower
41:39 Scout Tower
41:41 Scout Tower
41:42 Scout Tower
41:43 Scout Tower
41:45 Scout Tower
41:55 Scout Tower
41:59 Scout Tower
42:01 Scout Tower
42:03 Scout Tower
43:41 Scout Tower
43:43 Scout Tower
45:02 Guard Tower
45:59 Altar of Kings
46:05 Farm
46:11 Scout Tower
46:15 Scout Tower
47:09 Guard Tower
47:27 Scout Tower
47:28 Scout Tower
47:31 Scout Tower
47:33 Scout Tower
48:17 Scout Tower
48:21 Scout Tower
48:24 Scout Tower
48:26 Guard Tower
49:06 Guard Tower
51:12 Scout Tower
51:13 Scout Tower
51:15 Scout Tower
51:17 Scout Tower
51:23 Scout Tower
51:26 Scout Tower
51:28 Scout Tower
51:30 Scout Tower
51:50 Farm
52:01 Guard Tower
52:17 Guard Tower
» items
| Scroll of Regeneration | 2 | |
| Potion of Healing | 5 | |
| Potion of Mana | 1 | |
| Scroll of Town Portal | 1 | |
| Orb of Fire | 1 | |
| Dust of Appearance | 1 | |
11 total
wordsandthings (
green | 63 APM | 3426 actions | 54:48)
5 Death Knight
3 Death Coil
2 Unholy Aura
2 Lich
1 Frost Nova
1 Frost Armor
2 Dreadlord
1 Vampiric Aura
1 Sleep
» actions
| Basic commands | 46 | |
| Build / train | 100 | |
| Enter build submenu | 44 | |
| Enter hero's abilities submenu | 9 | |
| Give item / drop item | 3 | |
| Remove unit from queue | 5 | |
| Right click | 2299 | |
| Select / deselect | 741 | |
| Use ability | 177 | |
3426 total
» units
| Acolyte | 7 | |
| Ghoul | 2 | |
| Gargoyle | 26 | |
| Blue Drake | 3 | |
38 total
» upgrades
| Creature Attack | 3 | |
| Creature Carapace | 3 | |
6 total
» buildings
| Graveyard | 1 | |
| Ziggurat | 19 | |
| Altar of Darkness | 1 | |
| Crypt | 4 | |
| Halls of the Dead | 6 | |
| Spirit Tower | 12 | |
| Black Citadel | 2 | |
| Sacrificial Pit | 1 | |
| Boneyard | 2 | |
| Nerubian Tower | 4 | |
| Necropolis | 7 | |
59 total
» build order
00:14 Graveyard
00:19 Ziggurat
00:23 Altar of Darkness
00:45 Crypt
00:50 Crypt
01:07 Ziggurat
01:19 Crypt
01:46 Ziggurat
02:25 Halls of the Dead
02:26 Halls of the Dead
02:26 Halls of the Dead
02:26 Halls of the Dead
03:44 Spirit Tower
03:44 Spirit Tower
04:05 Crypt
05:10 Black Citadel
05:19 Sacrificial Pit
05:23 Ziggurat
07:07 Ziggurat
07:08 Ziggurat
10:14 Boneyard
10:17 Boneyard
12:13 Ziggurat
12:14 Ziggurat
34:13 Ziggurat
34:15 Ziggurat
34:16 Ziggurat
34:17 Ziggurat
34:19 Ziggurat
34:22 Ziggurat
35:07 Spirit Tower
35:07 Spirit Tower
35:10 Spirit Tower
35:10 Spirit Tower
35:15 Spirit Tower
35:16 Spirit Tower
35:16 Spirit Tower
44:39 Nerubian Tower
49:36 Ziggurat
49:39 Ziggurat
49:43 Ziggurat
49:44 Ziggurat
49:46 Ziggurat
49:49 Necropolis
49:51 Necropolis
49:57 Necropolis
50:01 Necropolis
50:09 Necropolis
50:14 Necropolis
50:23 Necropolis
50:57 Nerubian Tower
50:57 Nerubian Tower
» items
| Lesser Clarity Potion | 2 | |
| Scroll of Regeneration | 1 | |
| Staff of Sanctuary | 1 | |
4 total
Chat log
(00:50 / All) DoUrememberUS: hey
(00:55 / All) DougSandhorst: hi all
(00:59 / All) DoUrememberUS: good luck.....fitting my massive shit down your throat
(00:59 / All) DougSandhorst: all from?
(01:09 / All) DougSandhorst: toronto here
(01:13 / All) DougSandhorst: toronto canada
(01:16 / All) wordsandthings: mass
(01:26 / All) DougSandhorst: ok we know that one
(01:31 / All) DougSandhorst: others???
(01:34 / All) T.S.R.: omaha
(01:35 / All) wordsandthings: ohama nebraska
(01:36 / All) DreamOn: Boston
(01:37 / All) DoUrememberUS: bung whole state
(01:38 / All) T.S.R.: NE
(17:52 / All) DougSandhorst: baby come here.....im gona rock Your world
(19:29 / All) DougSandhorst: lol
(19:32 / All) DougSandhorst: lmao
(19:36 / All) DougSandhorst: lmao my whole butt
(19:47 / All) DougSandhorst: i'm enjoying this re a lot
(19:48 / All) DougSandhorst: thanks guys
(20:51 / All) DoUrememberUS: cya
(21:05 / All) Vagician: good try
(22:25 / All) DougSandhorst: these guys.....
(22:27 / All) DougSandhorst: - iggy
(23:58 / All) DougSandhorst: LEVEL 1
(24:18 / All) DougSandhorst: you guys are the best
(25:56 / All) DougSandhorst: good work purp
(26:00 / All) DougSandhorst: you guys are truly fucking awful
(26:03 / All) DougSandhorst: i mean you know how we play
(26:04 / All) DougSandhorst: come on
(26:06 / All) DoUrememberUS: lmfao
(26:12 / All) wordsandthings: lol
(26:20 / All) Vagician: any nub can mass tower
(26:21 / All) wordsandthings: thing is, you guys are awful. cna't even play without towers
(26:22 / All) Vagician: k thx
(26:24 / All) DougSandhorst: lol
(26:27 / All) DougSandhorst: towers most fun
(26:30 / All) DougSandhorst: sorry
(26:32 / All) wordsandthings: ur micro must be that terrible
(26:34 / All) Vagician: its ok
(26:35 / All) wordsandthings: its alright
(26:39 / All) Vagician: we know u have no real skill
(26:40 / All) DougSandhorst: we'lls ee the apms
(26:42 / All) DougSandhorst: start spamming now
(26:46 / All) wordsandthings: rofl
(26:47 / All) Vagician: oh know
(26:48 / All) DougSandhorst: *loses 50 tanks to towers*
(26:49 / All) Vagician: amps
(26:52 / All) Vagician: let me mass click
(27:03 / All) Vagician: can u count?
(27:13 / All) DougSandhorst: lol
(27:25 / All) DougSandhorst: can you win?
(30:33 / All) DougSandhorst: lmao
(30:35 / All) DougSandhorst: again
(30:37 / All) DougSandhorst: my entire butt
(30:40 / All) DougSandhorst: laughed it right off
(34:44 / All) DougSandhorst: lol
(34:49 / All) DoUrememberUS: how do you feel
(34:54 / All) DougSandhorst: this fuckin owns
(34:56 / All) DoUrememberUS: about being incredibly bad at a 25 year old game
(35:33 / All) DougSandhorst: lol darkweaver
(39:01 / All) DougSandhorst: lol
(39:03 / All) DougSandhorst: so quiet
(40:03 / All) DougSandhorst: how are you Doing
(40:44 / All) DougSandhorst: i love you
(41:06 / All) DougSandhorst: hey "words and things"
(41:11 / All) DougSandhorst: when you gonna "rape us"
(41:15 / All) DougSandhorst: -- you, 2012
(43:11 / All) DougSandhorst: lmao
(43:17 / All) DougSandhorst: never give up
(43:28 / All) DougSandhorst: "fart" - my butt
(43:53 / All) DougSandhorst: tank you
(43:56 / All) DougSandhorst: for the exp
(44:47 / All) DougSandhorst: lol
(45:01 / All) DougSandhorst: do you use the mouse to select spells
(45:03 / All) DougSandhorst: lol
(45:55 / All) FastFeud: so are you guys afk
(45:57 / All) FastFeud: is this you raping us
(46:01 / All) DougSandhorst: "i just want to remind everyone that they still have multiple level 1 heroes"
(46:05 / All) DougSandhorst: -- iggy, on mumble
(47:11 / All) DougSandhorst: move you dumb fatso
(47:51 / All) DougSandhorst: bolt from the blue
(47:55 / All) DougSandhorst: ........for....blue
(48:15 / All) DougSandhorst: where is darkweaver
(48:20 / All) DougSandhorst: level 1 demon hunter extraordinaire
(48:30 / All) DougSandhorst: extraordinary at being level 1
(48:33 / All) DougSandhorst: not at being a demon hunter
(48:57 / All) DougSandhorst: hot damn
(49:11 / All) DougSandhorst: ty for youse of the fountain
(49:57 / All) DougSandhorst: you guys give up and murder yourselfs yet??
(50:05 / All) DougSandhorst: irl i mean
(50:31 / All) DougSandhorst: http://highper.ch this replay going up soon
(51:59 / All) DougSandhorst: lmao
(52:00 / All) DougSandhorst: purple
(52:09 / All) DougSandhorst: angry that we use your nation's natural resources??
(54:39 / All) DougSandhorst: lol
(54:44 / All) DougSandhorst: clan towa #1
(54:50 / All) DougSandhorst: bye
(54:52 / All) DougSandhorst: leave
(54:53 / All) DougSandhorst: now
(54:55 / All) DougSandhorst: kiss our feet
(55:03 / All) DougSandhorst: http://highper.ch/
(64:05 / All) DougSandhorst: where did those trees come from, lol
(64:11 / All) DougSandhorst: they been there all game, super lol
(64:49 / All) DougSandhorst: well, Doug Sandhorst out, thanks for watching